 Dungeon Crawl Stone Soup version 0.29.1-1-gd02db6906a (webtiles) character file.

Game seed: 6611286579162099339

811 LustLizard the Slasher (level 8, -2/62 HPs)
             Began as a Human Fighter on Oct 4, 2022.
             Slain by a phantom (5 damage)
             ... on level 4 of the Dungeon.
             The game lasted 00:04:48 (3455 turns).

LustLizard the Slasher (Human Fighter)              Turns: 3455, Time: 00:04:49

Health: -2/62      AC:  9    Str: 17    XL:     8   Next: 15%
Magic:  8/8        EV:  9    Int:  9    God:
Gold:   125        SH:  5    Dex: 14    Spells: 7/7 levels left

rFire   . . .      SeeInvis .   a - +0 long sword
rCold   . . .      Faith    .   c - +0 buckler
rNeg    . . .      Spirit   .   b - +0 scale mail
rPois   .          Reflect  .   t - +1 helmet
rElec   .          Harm     .   (no cloak)
rCorr   .          Rampage  .   (no gloves)
Will    .....                   (no boots)
Stlth   ..........              (no amulet)
HPRegen 0.20/turn               (no ring)
MPRegen 0.11/turn               (no ring)

@: mighty
A: no striking features
a: no special abilities


You were on level 4 of the Dungeon.
You visited 1 branch of the dungeon, and saw 4 of its levels.

You collected 125 gold pieces.

Inventory:

Hand Weapons
 a - a +0 long sword (weapon)
Armour
 b - a +0 scale mail (worn)
 c - a +0 buckler (worn)
 f - a +0 robe of willpower
 t - a +1 helmet (worn)
Scrolls
 h - a scroll of poison {unknown}
 i - 2 scrolls of identify {unknown}
 j - a scroll of vulnerability {unknown}
 l - a scroll of enchant armour {unknown}
 m - a scroll of butterflies {unknown}
 o - a scroll of noise {unknown}
 q - a scroll of blinking {unknown}
 r - a scroll of immolation {unknown}
Potions
 d - a potion of might
 e - a potion of heal wounds {unknown}
 g - 3 potions of curing {unknown}
 k - 2 potions of mutation {unknown}
 n - a potion of haste {unknown}
 p - a potion of attraction {unknown}
 s - a potion of ambrosia {unknown}


   Skills:
 + Level 5.2 Fighting
 * Level 6.6 Long Blades
 - Level 4.0 Armour
 - Level 4.0 Shields


You had 7 spell levels left.
You didn't know any spells.
Your spell library contained the following spells:

 Spells                   Type           Power      Damage    Failure   Level
 Sandblast                Erth           0%         2d4       86%         1
 Summon Small Mammal      Summ           0%         N/A       86%         1
 Call Canine Familiar     Summ           0%         N/A       99%         3
 Confusing Touch          Hex            0%         N/A       99%         3
 Inner Flame              Hex/Fire       0%         N/A       99%         3
 Spider Form              Tmut/Pois      0%         N/A       99%         3
 Summon Guardian Golem    Hex/Summ       0%         N/A       99%         3
 Cause Fear               Hex            0%         N/A       100%        4
 Corpse Rot               Necr/Pois/Air  0%         N/A       100%        4
 Petrify                  Tmut/Erth      0%         N/A       100%        4
 Alistair's Intoxication  Tmut/Pois      0%         N/A       100%        5
 Yara's Violent Unravell  Hex/Tmut       0%         3d3       100%        5
 Enfeeble                 Hex            0%         N/A       100%        7
 Discord                  Hex            0%         N/A       100%        8


Dungeon Overview and Level Annotations

Branches:
Dungeon (4/15)
 Temple: D:4-7

Altars:
Ru

Shops:
D:3 [

Annotations:
D:3 2 runed translucent doors, exclusion: downstairs, turdburglar's ghost, amateur DrIE


Message History

Pikel closely misses you. The lemure closely misses you. The lemure misses you.
The hound bites you but does no damage. The dart slug launches a dart at you.
The slug dart hits you but does no damage.
You block the lemure's attack. The lemure hits you.
* * * LOW HITPOINT WARNING * * *
Pikel hits you but does no damage. The kobold hits you but does no damage.
You slash Pikel!
Pikel is almost dead.
You block the hound's attack. The hound bites you but does no damage.
The dart slug barely misses you. The kobold hits you but does no damage.
You block the lemure's attack. Pikel hits you but does no damage.
The lemure barely misses you.
You slash Pikel!
You kill Pikel!
With Pikel's spell broken, his former minions thank you for their freedom.
The lemure departs this earthly plane. x3
The hound bites you but does no damage. The kobold hits you with a +0 whip.
* * * LOW HITPOINT WARNING * * *
The dart slug launches a dart at you.
The slug dart hits you but does no damage.
The hound bites you but does no damage.
Your Fighting skill increases to level 5!
Your Long Blades skill gained 2 levels and is now at level 6!
You have reached level 8!
You feel clever.
Okay, then.
Okay, then.
You slash the dart slug!
You kill the dart slug!
The hound closely misses you. You block the phantom's attack.
The kobold hits you but does no damage. The hound bites you but does no damage.
You slash the phantom!
The phantom is moderately damaged.
The hound barely misses you. You block the phantom's attack.
The kobold barely misses you.
You closely miss the phantom.
The phantom is moderately damaged.
You block the hound's attack. The phantom hits you.
You die...

#.....?.............
..............K....
###..............5..<
.
....................
.. ..................
...#####....##
....W.K.
....)..§.<...#
........
......).h...##.
..#...5.
...#..@K........
##..5.
#....).W........
#...#
#..###..§........
#..<# ..
...................
#...#.###........##.
...#### .#..#### .
.... #. . ..... . .


You could see a phantom, a hound and a kobold.

Vanquished Creatures
  Pikel (D:4)
  Sigmund (D:4)
  A lemure (D:3)
  2 orc priests (D:3)
  A hound (D:3)
  3 adders (D:2)
  3 gnolls (D:3)
  4 worms
  A dart slug (D:4)
  2 orcs (D:3)
  5 ball pythons
  4 endoplasms
  4 giant cockroaches
  3 goblins (D:3)
  5 hobgoblins
  3 jackals (D:1)
  A quokka (D:2)
  3 bats
  A frilled lizard (D:2)
  5 kobolds
  4 rats
57 creatures vanquished.

Notes
Turn   | Place    | Note
-------+----------+-------------------------------------------
     0 | D:1      | LustLizard the Human Fighter began the quest for the Orb.
     0 | D:1      | Reached XP level 1. HP: 18/18 MP: 1/1
    28 | D:1      | You fall into a shaft and drop 1 floor!
   116 | D:2      | Reached XP level 2. HP: 20/24 MP: 2/2
   223 | D:2      | Reached XP level 3. HP: 21/29 MP: 3/3
   421 | D:2      | Got the Reference Book on Filth and the Quarry
   840 | D:2      | Reached XP level 4. HP: 31/35 MP: 4/4
   984 | D:3      | Found a runed translucent door.
   986 | D:3      | Noticed turdburglar's ghost (amateur DrIE)
  1086 | D:3      | Reached skill level 3 in Long Blades
  1101 | D:3      | HP: 1/35 [orc priest/+0 short sword (2)]
  1103 | D:3      | Reached XP level 5. HP: 1/41 MP: 5/5
  1440 | D:3      | Identified the +2 robe "Ecimo" {*Slow +Blink Dex+3}
  1847 | D:3      | Found Sial Efi's Antique Armour Shop.
  1861 | D:3      | Found a sacrificial altar of Ru.
  1909 | D:3      | Found a runed translucent door.
  2834 | D:1      | Found a faded altar of an unknown god.
  3024 | D:4      | Noticed Pikel
  3024 | D:4      | Noticed a lemure
  3024 | D:4      | Noticed a lemure
  3024 | D:4      | Noticed a lemure
  3024 | D:4      | Noticed a lemure
  3025 | D:4      | Noticed a phantom
  3069 | D:4      | Noticed Sigmund
  3079 | D:3      | Reached XP level 6. HP: 46/48 MP: 6/6
  3389 | D:3      | Reached skill level 4 in Long Blades
  3441 | D:4      | Killed Sigmund
  3442 | D:4      | Reached XP level 7. HP: 31/54 MP: 7/7
  3450 | D:4      | HP: 2/54 [lemure[Pikel] (2)]
  3452 | D:4      | Killed Pikel
  3453 | D:4      | Reached skill level 5 in Fighting
  3453 | D:4      | Reached skill level 6 in Long Blades
  3453 | D:4      | Reached XP level 8. HP: 2/62 MP: 8/8
  3455 | D:4      | Slain by a phantom

Illustrated notes

Levels and vault maps discovered:
D:1:      psy_arrival_basics, layout_basic, dilly_ecumenical_altar_fadedgnrine
D:2:      layout_basic, minmay_misc_feat_pillars
D:3:      layout_basic, lemuel_tele_altar, serial_shops, shop,
          ebering_ghost_sewer_f, minivault_23, serial_park_tiny_pond
D:4:      layout_cave_pools, lemuel_doored_altar, chequers_mini_garden,
          minmay_vboxes, uniq_pikel, uniq_sigmund

Skill      XL: |  1  2  3  4  5  6  7 |
---------------+----------------------+-----
Long Blades    | 3 4 6 |  6.6
Fighting       | 4 5 |  5.2
Armour         | 4 |  4.0
Shields        | 4 |  4.0

Action                   |  1- 3 |  4- 6 |  7- 9 || total
-------------------------+-------+-------+-------++-------
Melee: Long sword        |    53 |   154 |    14 ||   221
  Use: Potion            |       |     1 |       ||     1
Armor: Scale mail        |    25 |    77 |    28 ||   130
Dodge: Dodged            |    16 |    85 |    22 ||   123
Block: Buckler           |    16 |    39 |    13 ||    68
